 Dungeon Crawl Stone Soup version 0.21.1-1-g345015f (webtiles) character file.

39 inc the Scratcher (level 3, 15/15 HPs)
             Began as a Felid Transmuter on Mar 13, 2018.
             Quit the game on level 3 of the Dungeon.
             The game lasted 00:02:50 (2635 turns).

inc the Scratcher (Felid Transmuter)                Turns: 2635, Time: 00:02:50

Health: 15/15      AC:  1    Str:  6    XL:     3   Next: 28%
Magic:  7/7        EV: 18    Int: 19    God:
Gold:   52         SH:  0    Dex: 17    Spells: 5/6 levels left
                                        Lives:  0   Deaths: 1

rFire    . . .     SeeInvis +     - Unarmed
rCold    + . .     Gourm    .   (shield unavailable)
rNeg     . . .     Faith    .   (armour unavailable)
rPois    .         Spirit   .   (helmet unavailable)
rElec    .         Reflect  .   (cloak unavailable)
rCorr    .         Harm     .   (gloves unavailable)
MR       .....                  (boots unavailable)
Stlth    ++........             (no amulet)
HPRegen  0.05/turn              f - ring of protection from cold
MPRegen  0.10/turn              (no ring)

@: brilliant, flying, quick
A: very small, no armour, no weapons or thrown items, stealth, claws 1, fangs 3,
see invisible, carnivore, speed 1, shaggy fur 1, slow metabolism 1, sharp paws
a: no special abilities


You were on level 3 of the Dungeon.
You were not hungry.

You visited 1 branch of the dungeon, and saw 3 of its levels.

You collected 52 gold pieces.

Inventory:

Missiles
 a - 37 arrows
Jewellery
 f - a ring of protection from cold (left paw)
Scrolls
 g - 4 scrolls of teleportation {unknown}
 h - 2 scrolls of identify {unknown}
 j - a scroll of blinking {unknown}
 k - a scroll of amnesia {unknown}
Potions
 d - a potion of curing
Books
 b - a book of Changes

   Spells                             Type                      Level
   a - Beastly Appendage              Transmutation                1
   b - Sticks to Snakes               Transmutation                2
   c - Spider Form                    Transmutation/Poison         3
   d - Ice Form                       Ice/Transmutation            4
   e - Blade Hands                    Transmutation                5
Comestibles
 c - 3 rations


   Skills:
 - Level 1.0 Fighting
 - Level 2.6 Dodging
 + Level 5.2 Unarmed Combat
 - Level 2.0 Spellcasting
 - Level 2.1 Transmutations


You had 5 spell levels left.
You knew the following spells:

 Your Spells              Type           Power        Failure   Level  Hunger
a - Beastly Appendage     Tmut           ###...       1%          1    #......


Dungeon Overview and Level Annotations

Branches:
Dungeon (3/15)

Altars:
Kikubaaqudgha

Annotations:
D:3 Ijyb; Natasha; jazmu's ghost, amateur DsFi


Innate Abilities, Weirdness & Mutations

You cannot wear armour.
You are incapable of wielding weapons or throwing items.
Your paws allow you to move quietly. (Stealth)
You have sharp claws.
You have razor-sharp teeth.
You have supernaturally acute eyesight. (SInv)
You are carnivorous and can eat meat at any time.
You cover ground quickly.
You are covered in fur. (AC +1)
You have a slow metabolism.
Your sharp claws are effective at attacking unaware monsters.


Message History

The gnoll hits you with a flail! The gnoll misses you.
There is a stone staircase leading up here.
There are monsters nearby!
You barely miss the gnoll. The gnoll closely misses you. The gnoll misses you.
The gnoll hits you with a flail!
Ouch! That really hurt!
You stop ascending the stairs.
You die...
You are now level 3!
You rejoin the land of the living...
Are you sure you want to abandon this character and quit the game? (Confirm with "yes".)
Okay, then.
It was a potion of cancellation.
You feel magically purged.
It was a potion of brilliance.
You feel clever all of a sudden.
It was a potion of magic.
Magic courses through your body.
It was a potion of flight.
You feel very buoyant.
You fly up into the air.
Are you sure you want to abandon this character and quit the game? (Confirm with "yes".)

#.. #.. #.. #.. ########
#.. #......#
############ #.####.#
#....†..####
#.####.#####.#.#.......
#.##..@....#.#...#.####
#.##.#.###......##.# #
#......# ###.#####.# #
###.<...# #.#####.####
#..(....# #...........
#.#.....############.###
#.#.#.#.#.#.............
#.................##....
#.#.##'##.#.......##.##.


There were no monsters in sight!

Vanquished Creatures
  4 adders (D:2)
  2 oozes (D:2)
  2 worms (D:2)
  A leopard gecko (D:2)
  A giant cockroach (D:2)
  5 goblins
  6 hobgoblins
  5 kobolds
  A quokka (D:2)
  A ball python (D:1)
  5 bats
  2 frilled lizards
  5 rats
40 creatures vanquished.

Notes
Turn   | Place    | Note
-------+----------+-------------------------------------------
     0 | D:1      | inc the Felid Transmuter began the quest for the Orb.
     0 | D:1      | Reached XP level 1. HP: 9/9 MP: 4/4
   194 | D:1      | Reached XP level 2. HP: 12/12 MP: 6/6
   312 | D:1      | You fall through a shaft!
   391 | D:2      | Reached skill level 4 in Unarmed Combat
   525 | D:2      | Reached XP level 3. HP: 15/15 MP: 7/7
  1577 | D:3      | Reached XP level 4. HP: 19/19 MP: 8/8
  1803 | D:2      | Reached skill level 5 in Unarmed Combat
  1959 | D:2      | Found an ancient bone altar of Kikubaaqudgha.
  2568 | D:3      | Noticed Natasha
  2569 | D:3      | Noticed Ijyb
  2571 | D:3      | Noticed jazmu's ghost (amateur DsFi)
  2630 | D:3      | Slain by a gnoll
  2631 | D:3      | Reached XP level 3. HP: -1/15 MP: 7/7
  2635 | D:3      | Quit the game

Skill      XL: |  1  2  3  4 |
---------------+-------------+-----
Unarmed Combat | 4 5 |  5.2
Fighting       | |  1.0
Dodging        | |  2.6
Spellcasting   | |  2.0
Transmutations | |  2.1

Action                   |  1- 3 |  4- 6 || total
-------------------------+-------+-------++-------
Melee: Unarmed           |   102 |    50 ||   152
       Bite              |     4 |     4 ||     8
       Punch             |     1 |     1 ||     2
  Use: Potion            |     5 |       ||     5
 Stab: Sleeping          |     6 |       ||     6
  Eat: Chunk             |       |     2 ||     2
Armor: Skin              |     6 |     2 ||     8
Dodge: Dodged            |    68 |    32 ||   100
